AoeStats
← CazadorGT

Arena

509427764Analyzed
4v4 RM · 5d ago on Sep 26, 2026· 40m 37s· 8 players
Game mode
Random Map
Map size
Large (8 player)
Population
200
Speed
Normal
Resources
Standard
Victory
Conquest
Starting age
Dark Age
Ending age
Imperial Age
RankedLock teamsTeams togetherTeam positionsShared explorationLock speedFull tech treeHidden civsTurbo modeCheats
Victory
Defeat
🇲🇽 Saracens · Mexico
1116
+14
🇳🇱 Bengalis · Netherlands
1110
+14
🇵🇱 Saxons · Poland
1077
+16
🇹🇼 Sicilians · Taiwan
1037
+17
🇬🇹 Mongols · Guatemala
1160
-18
🇻🇪 Khmer · Venezuela
1109
-17
🇮🇹 Aztecs · Italy
1100
-17
🇦🇷 Franks · Argentina
900
-9
kubeszek
10:13 Feudal Age
14:11 Castle Age
12:31 Double-Bit Axe
13:21 Horse Collar
21:39 Loom
22:04 Town Watch
23:00 Heavy Plow
24:21 Wheelbarrow
24:31 Bow Saw
24:13 Gambesons
24:31 Gold Mining
25:36 Fletching
25:23 Crossbowman
26:47 Fortified Wall
27:03 Town Patrol
27:53 Hand Cart
28:47 Forging
28:52 Squires
28:38 Arson
28:55 Scale Mail Armor
29:49 Gold Shaft Mining
32:53 Imperial Age
30:27 Padded Archer Armor
30:55 Chain Mail Armor
31:16 Iron Casting
31:44 Iron Casting
31:05 Bodkin Arrow
31:26 Leather Archer Armor
32:56 Thumb Ring
33:34 Leather Archer Armor
34:49 Chemistry
33:12 Shield Wall
34:18 Conscription
33:49 Capped Ram
34:37 Bracer
35:12 Ballistics
34:48 Arbalester
36:00 Ring Archer Armor
35:19 Elite Varangian Guard
37:03 Siege Engineers
37:54 Onager
38:05 Siege Ram
39:59 Crop Rotation
40:30 Two-Man Saw
viahortus
5:10 Loom
11:15 Feudal Age
12:34 Double-Bit Axe
15:08 Castle Age
13:39 Horse Collar
16:13 Bow Saw
16:04 Heavy Plow
21:57 Wheelbarrow
22:32 Fletching
24:09 Hand Cart
23:51 Elite Skirmisher
24:28 Bodkin Arrow
25:06 Padded Archer Armor
25:04 Town Watch
25:38 Gold Mining
27:08 Ballistics
30:42 Imperial Age
29:37 Leather Archer Armor
29:37 Fortified Wall
30:52 Bloodlines
30:43 Husbandry
31:33 Bracer
30:55 Elite Elephant Archer
34:04 Ring Archer Armor
35:38 Chemistry
36:26 Siege Engineers
36:44 Conscription
Isaac_void
11:23 Feudal Age
15:03 Castle Age
13:02 Horse Collar
13:14 Double-Bit Axe
13:28 Horse Collar
16:23 Bow Saw
16:42 Heavy Plow
18:19 Town Watch
18:40 Loom
22:44 Husbandry
23:58 Forging
25:01 Wheelbarrow
25:16 Stone Mining
24:59 Light Cavalry
26:38 Iron Casting
26:46 Bloodlines
31:23 Imperial Age
29:28 Fletching
36:44 Chemistry
35:50 Siege Engineers
35:36 Onager
37:09 Scale Barding Armor
oOoOo_oO
10:14 Feudal Age
11:52 Loom
15:27 Castle Age
15:04 Double-Bit Axe
16:59 Wheelbarrow
18:35 Horse Collar
21:11 Town Watch
36:23 Scale Barding Armor
37:41 Forging
CazadorGT
10:51 Feudal Age
14:46 Castle Age
12:56 Double-Bit Axe
14:25 Horse Collar
15:11 Fletching
19:58 Bodkin Arrow
20:02 Loom
23:34 Padded Archer Armor
31:24 Imperial Age
31:22 Leather Archer Armor
33:23 Chemistry
34:08 Bracer
dejame_ganar
11:01 Feudal Age
14:05 Castle Age
12:27 Horse Collar
12:36 Double-Bit Axe
23:07 Pikeman
25:47 Scale Mail Armor
25:57 Forging
26:22 Loom
29:24 Imperial Age
27:52 Wheelbarrow
27:06 Town Watch
29:44 Fletching
30:30 Iron Casting
31:01 Conscription
30:39 Heavy Scorpion
31:51 Bodkin Arrow
34:13 Chemistry
33:35 Bracer
34:18 Scale Barding Armor
34:46 Double Crossbow
40:12 Ballistics
COSTAMDP
3:58 Loom
10:45 Feudal Age
16:53 Castle Age
16:05 Gold Mining
16:08 Double-Bit Axe
28:48 Forging
37:44 Iron Casting
39:51 Elite Skirmisher
verbumdei76
0:31 Loom
10:18 Feudal Age
17:10 Castle Age
17:07 Gold Mining
18:45 Scale Mail Armor
21:22 Eagle Warrior
26:11 Chain Mail Armor
28:59 Town Watch
30:50 Sanctity
34:48 Forging
34:42 Squires
Connection lost

Rejoining the realm…

Still unreachable

The connection could not be restored.

Session expired

The server has moved on; the page needs a fresh start.